 Dungeon Crawl Stone Soup version 0.29-a0-477-g62b78b4225 (webtiles) character file.

Game seed: 6929318006938602469

1841 Infinimo the Cudgeller (level 8, -9/64 HPs)
             Began as a Demonspawn Gladiator on May 24, 2022.
             Was an Initiate of Gozag.
             Mangled by a minotaur (27 damage)
             ... created by the fury of Okawaru
             ... on level 6 of the Dungeon.
             The game lasted 00:07:32 (6876 turns).

Infinimo the Cudgeller (Demonspawn Gladiator)       Turns: 6876, Time: 00:07:33

Health: -9/64      AC:  7    Str: 14    XL:     8   Next: 87%
Magic:  8/8        EV: 14    Int: 11    God:    Gozag
Gold:   293        SH:  5    Dex: 16    Spells: 7/7 levels left

rFire   . . .      SeeInvis .   z - +0 whip (elec)
rCold   . . .      Faith    .   u - +0 buckler
rNeg    + . .      Spirit   .   b - +0 leather armour
rPois   +          Reflect  .   c - +1 helmet
rElec   .          Harm     .   (no cloak)
rCorr   .          Rampage  .   (no gloves)
Will    .....                   (no boots)
Stlth   +.........              r - amulet of the acrobat
HPRegen 0.20/turn               m - ring of poison resistance
MPRegen 0.11/turn               p - ring of positive energy

@: studying Slings
A: slimy green scales 1, demonic guardian 2, spiny 1
a: Renounce Religion, Potion Petition, Call Merchant, Bribe Branch


You were on level 6 of the Dungeon.
You worshipped Gozag.
Gozag was aware of your devotion.
You visited 2 branches of the dungeon, and saw 7 of its levels.
You also visited: Sewer.

You collected 395 gold pieces.
You paid 102 gold pieces to Gozag.

Inventory:

Hand Weapons
 z - a +0 whip of electrocution (weapon)
Missiles
 d - 6 throwing nets (quivered)
 e - a javelin
Armour
 b - a +0 leather armour (worn)
 c - a +1 helmet (worn)
 u - a +0 buckler (worn)
Jewellery
 f - an amulet of guardian spirit
 m - a ring of poison resistance (left hand)
 p - a ring of positive energy (right hand)
 r - an amulet of the acrobat (around neck)
Scrolls
 h - 2 scrolls of noise
 i - 2 scrolls of immolation
 s - a scroll of magic mapping
Potions
 a - 2 potions of flight
 o - a potion of heal wounds
 q - a potion of curing
 v - 2 potions of brilliance
 w - 3 potions of degeneration


   Skills:
 + Level 5.7 Fighting
 * Level 7.6 Maces & Flails
 - Level 1.7 Throwing
 + Level 5.6 Dodging
 + Level 2.9 Shields


You had 7 spell levels left.
You didn't know any spells.
Your spell library contained the following spells:

 Spells                   Type           Power      Damage    Failure   Level
 Apportation              Tloc           0%         N/A       52%         1
 Magic Dart               Conj           0%         1d3       52%         1
 Necrotize                Necr           0%         1d4       52%         1
 Summon Small Mammal      Summ           0%         N/A       52%         1
 Searing Ray              Conj           0%         2d4       65%         2
 Dazzling Flash           Conj/Hex       0%         N/A       87%         3
 Fulminant Prism          Conj/Hex       0%         3d6       99%         4
 Agony                    Necr           0%         N/A       100%        5
 Fireball                 Conj/Fire      0%         3d3       100%        5
 Iskenderun's Battlesphe  Conj           0%         2d6       100%        5
 Silence                  Hex/Air        0%         N/A       100%        5
 Conjure Ball Lightning   Conj/Air       0%         3x3d6     100%        6
 Orb of Destruction       Conj           0%         9d5       100%        7


Dungeon Overview and Level Annotations

Branches:
Dungeon (6/15)             Temple (1/1) D:5           Sewer (visited)

Altars:
Ashenzari
Cheibriados
Dithmenos
Elyvilon
Gozag
Hepliaklqana
Kikubaaqudgha
Makhleb
Okawaru
Qazlal
Ru
Sif Muna
Trog
Uskayaw
Vehumet
Wu Jian
Yredelemnul
Zin
The Shining One

Shops:
D:6 *


Innate Abilities, Weirdness & Mutations

You are partially covered in slimy green scales. (AC +2)
A demonic guardian rushes to your aid.
You are partially covered in sharp spines.


Message History

The white imp gestures at you.
There is an open door here.
The white imp gestures at you. The puff of frost hits you!
Unknown command.
The minotaur throws a javelin.
There is an open door here.
The white imp is lightly wounded.
The white imp is lightly wounded.
The white imp gestures at you. You block the puff of frost.
The white imp is lightly wounded.
The white imp is struck by your spines.
The white imp is almost dead.
The white imp gestures at you.
Lightning courses through the white imp!
You kill the white imp!
You see here 7 gold pieces.
The minotaur throws a javelin.
The minotaur throws a javelin.
There is an open door here.
Unknown command.
You close the door.
The scorpion is struck by your spines.
The scorpion is lightly wounded.
A minotaur breaks down the door.
The scorpion is lightly wounded.
The scorpion is struck by your spines. The scorpion stings you.
The scorpion is moderately wounded.
You block the scorpion's attack.
The scorpion is heavily wounded.
The scorpion is heavily wounded.
The minotaur gores you!
* * * LOW HITPOINT WARNING * * *
You whack the minotaur!
Lightning courses through the minotaur!!
The minotaur is moderately wounded.
You block the scorpion's attack. The minotaur hits you!!
You die...
Your body crumbles into a pile of gold.

...# #....... #..# #..#####
#..# ##### #..# #..# ...
....# #..#
#..####...#########...# #..#
#..#.#............#...# .#..#
...#.#..#.........#...#..#...
..
...#.#..#.........#...#..#...
..
#..#.#..#......s@H'...'..#...
.. #^.#.#..#.........#...#..#
.# ##
#.......#.........#...#..#..
# ..#.....#.........#...#..#.
.###.....##########H..#..'
.#⌠_..∩......$.H......#..#
.###..................#..# .
#.....##'############..#
...............H........#


You could see a minotaur and a scorpion.

Vanquished Creatures
  Pikel (D:5)
  The ghost of blade888 the Firebug, a novice OpFE (D:4)
  Sigmund (D:5)
  Edmund (D:5)
  A phantom (D:5)
  A lemure (D:5)
  2 kobold brigands (Sewer)
  2 scorpions
  A jelly (D:4)
  2 gnoll shamans
  2 hounds
  3 orc wizards
  An iguana (D:3)
  12 gnolls
  5 adders
  A white imp (D:6)
  An adder zombie (D:3)
  3 worms
  A dart slug (D:3)
  5 orcs
  6 endoplasms
  8 giant cockroaches
  3 hobgoblins
  5 jackals
  3 quokkas
  9 ball pythons
  A ball python zombie (D:3)
  4 bats
  7 frilled lizards
  2 goblins (D:3)
  A jackal zombie (D:3)
  11 kobolds
  9 rats
116 creatures vanquished.

Vanquished Creatures (collateral kills)
  An orc wizard (D:6)
  A gnoll (D:4)
  An orc (D:6)
3 creatures vanquished.

Vanquished Creatures (others)
  2 plants (D:4)
2 creatures vanquished.

Grand Total: 121 creatures vanquished

Notes
Turn   | Place    | Note
-------+----------+-------------------------------------------
     0 | D:1      | Infinimo the Demonspawn Gladiator began the quest for the
                  | Orb.
     0 | D:1      | Reached XP level 1. HP: 16/16 MP: 1/1
   182 | D:1      | Found a faded altar of an unknown god.
   481 | D:1      | Reached skill level 3 in Maces & Flails
   602 | D:1      | Gained mutation: You are partially covered in sharp spines.
                  | [demonic ancestry]
   602 | D:1      | Reached XP level 2. HP: 21/22 MP: 2/2
  1112 | D:2      | Reached XP level 3. HP: 28/28 MP: 3/3
  1523 | D:2      | Found a basalt altar of Yredelemnul.
  2165 | D:3      | Reached XP level 4. HP: 31/34 MP: 4/4
  2329 | D:3      | Reached skill level 4 in Maces & Flails
  2399 | D:3      | Found a basalt altar of Yredelemnul.
  2441 | D:3      | Found a glowing drain.
  2455 | Sewer    | Entered a sewer
  2491 | Sewer    | Noticed a kobold brigand
  2554 | Sewer    | Noticed a kobold brigand
  2746 | Sewer    | Killed a kobold brigand
  2747 | Sewer    | Gained mutation: A weak demonic guardian rushes to your
                  | aid. [demonic ancestry]
  2747 | Sewer    | Reached XP level 5. HP: 37/41 MP: 5/5
  2770 | Sewer    | Reached XP level 6. HP: 32/47 MP: 6/6
  3374 | D:3      | Found a sacrificial altar of Ru.
  3374 | D:3      | Found a hide-covered altar of Uskayaw.
  3828 | D:4      | Reached skill level 5 in Maces & Flails
  3963 | D:4      | Found a transporter.
  4091 | D:4      | Found a transporter.
  4224 | D:4      | Noticed blade888's ghost (novice OpFE)
  4615 | D:4      | Killed blade888's ghost
  4616 | D:4      | Reached skill level 6 in Maces & Flails
  4616 | D:4      | Gained mutation: A demonic guardian rushes to your aid.
                  | [demonic ancestry]
  4616 | D:4      | Reached XP level 7. HP: 27/55 MP: 7/7
  4834 | D:5      | Entered Level 5 of the Dungeon
  4847 | D:5      | Found a staircase to the Ecumenical Temple.
  4870 | Temple   | Entered the Ecumenical Temple
  5262 | Temple   | Became a worshipper of Warmaster Okawaru
  5456 | D:5      | Noticed Edmund
  5465 | D:5      | Killed Edmund
  5466 | D:5      | Reached skill level 1 in Shields
  5676 | D:5      | Gained mutation: You are partially covered in slimy green
                  | scales. (AC +2) [demonic ancestry]
  5676 | D:5      | Reached XP level 8. HP: 31/61 MP: 8/8
  5866 | D:5      | Noticed Sigmund
  5874 | D:5      | Killed Sigmund
  5875 | D:5      | Reached skill level 5 in Fighting
  5875 | D:5      | Reached skill level 5 in Dodging
  5944 | D:5      | Found a burning altar of Makhleb.
  5947 | D:5      | Reached * piety under Okawaru
  6053 | D:5      | Noticed Pikel
  6063 | D:5      | Killed Pikel
  6064 | D:5      | Reached skill level 7 in Maces & Flails
  6124 | Temple   | Fell from the grace of Okawaru
  6124 | Temple   | Became a worshipper of Gozag Ym Sagoz the Greedy
  6666 | D:6      | Found Zin's Purification Station.
  6684 | D:6      | Noticed a centaur warrior
  6684 | D:6      | Noticed a minotaur
  6876 | D:6      | Mangled by a minotaur

Illustrated notes

Levels and vault maps discovered:
D:1:      dpeg_arrival_concentric_ovals, layout_basic,
          hellmonk_ecumenical_altar_zigzags, minmay_misc_feat_rugged,
          lemuel_another_geyser
D:2:      layout_loops_corners, basic_altar
D:3:      layout_loops_ring, nicolae_yredelemnul_corpse_copse,
          mainiacjoe_overflow_divided_tiny, cheibrodos_sewer_entry_drain
D:4:      layout_cave_pods, gammafunk_ghost_gnarly_gnolls, minmay_pentomino_pile
D:5:      layout_basic, lemuel_coloured_pillars_altar,
          minmay_temple_entry_stoned_glass, uniq_pikel, uniq_edmund,
          uniq_sigmund
D:6:      layout_basic, zin_purify, wad_floor_pattern_untrapped
Temple:   zaba_magenta_temple

Skill      XL: |  1  2  3  4  5  6  7  8 |
---------------+-------------------------+-----
Maces & Flails | 3 4 6 7 |  7.6
Dodging        | 3 4 5 |  5.6
Fighting       | 3 4 5 |  5.7
Shields        | 1 2 |  2.9
Throwing       | |  1.7

Action                   |  1- 3 |  4- 6 |  7- 9 || total
-------------------------+-------+-------+-------++-------
Melee: Flail             |    96 |   116 |    69 ||   281
       Punch             |       |     1 |       ||     1
       Whip              |       |       |    48 ||    48
  Use: Scroll            |     5 |     5 |     8 ||    18
       Potion            |       |     5 |     4 ||     9
 Stab: Sleeping          |       |     2 |       ||     2
       Distracted        |       |     1 |       ||     1
Armor: Leather armour    |    26 |    20 |    25 ||    71
       Skin              |       |    35 |     3 ||    38
Dodge: Dodged            |    46 |    53 |    68 ||   167
Block: Buckler           |       |       |    24 ||    24

Table legend: (Time is in decaauts)
 A = Elapsed time spent in this place.
 B = Non-inter-level travel time spent in this place.
 C = Inter-level travel time spent in this place.
 D = Time resting spent in this place.
 E = Time spent auto-exploring this place.
 F = Levels seen in this place.
 G = Mean time per level.
                   A        B        C        D        E       F      G
               +--------+--------+--------+--------+--------+-----+--------+
         Total |   6984 |   6669 |    315 |    311 |   5410 |   8 |  873.0 |
       Dungeon |   5947 |   5675 |    272 |      6 |   4930 |   6 |  991.2 |
        Temple |    437 |    394 |     43 |    300 |     69 |   1 |  437.0 |
         Sewer |    599 |    599 |      0 |      5 |    411 |   1 |  599.0 |
               +--------+--------+--------+--------+--------+-----+--------+

Top non-repeatable levels by time:
     D:2: 1213 daAuts
     D:4: 1205 daAuts
     D:5: 1155 daAuts
     D:3: 974 daAuts
     D:1: 954 daAuts
   Sewer: 599 daAuts
     D:6: 444 daAuts
  Temple: 437 daAuts
